 Dungeon Sprint DCSS version 0.19.1 (console) character file.

1000000 Morrissey the Unseen (level 13, -32/94 HPs)
             Began as a Deep Dwarf Necromancer on Dec 23, 2016.
             Was an Initiate of Makhleb.
             Annihilated by a meat berserker
             ... wielding a +9 battleaxe
              (57 damage)
             ... in the Dungeon (Sprint VIII: "Arena of Blood").
             The game lasted 00:00:31 (10 turns).

Morrissey the Unseen (Deep Dwarf Necromancer)         Turns: 10, Time: 00:00:33

Health: -32/94     AC:  2    Str: 11    XL:     13   Next: 0%
Magic:  3/31       EV: 26    Int: 18    God:    Makhleb [......]
Gold:   0          SH:  0    Dex: 17    Spells: 2 memorised, 39 levels left

rFire  . . .     SeeInvis .     k - +∞ Axe of Woe
rCold  . . .     Gourm    .     a - +0 robe
rNeg   . . .     Faith    .     (shield currently unavailable)
rPois  .         Spirit   .     (no helmet)
rElec  .         Reflect  .     (no cloak)
rCorr  .         Harm     .     (no gloves)
MR     +....     NoTele   +     (no boots)
Stlth  ++++++++..               (no amulet)
                                (no ring)
                                (no ring)

@: non-regenerating
A: damage resistance, recharge devices, sense surroundings 2, slow regeneration
3
a: Device Recharging, Renounce Religion


You were in the Dungeon.
You worshipped Makhleb.
Makhleb was noncommittal.
You were not hungry.

You visited 1 branch

Inventory:

Hand Weapons
 k - the +∞ Axe of Woe (weapon)
   (You found it in the Dungeon)
Armour
 a - a +0 robe (worn)
Wands
 c - a wand of heal wounds (5/9)
Scrolls
 j - a scroll of blinking
Potions
 e - a potion of curing
 f - a potion of heal wounds
 g - a potion of haste
 h - 2 potions of magic
 i - a potion of berserk rage
Books
 b - a book of Necromancy

   Spells                             Type                      Level
   a - Pain                           Necromancy                   1
   b - Animate Skeleton               Necromancy                   1
   c - Vampiric Draining              Necromancy                   3
   d - Regeneration                   Charms/Necromancy            3
   e - Animate Dead                   Necromancy                   4
   f - Control Undead                 Necromancy                   4
Comestibles
 d - a bread ration


   Skills:
 + Level 18.1 Dodging
 + Level 20.8 Stealth
 + Level 14.5 Spellcasting
 + Level 18.3 Necromancy


You had 39 spell levels left.
You knew the following spells:

 Your Spells              Type           Power        Failure   Level  Hunger
a - Pain                  Necr           ####         0%          1    None
b - Animate Skeleton      Necr           N/A          0%          1    None


Dungeon Overview and Level Annotations

Branches:
Dungeon (1/1)

Altars:
Makhleb


Innate Abilities, Weirdness & Mutations

You are resistant to damage.
You can recharge devices by infusing magical energy.
You passively map the area around you.
You do not regenerate.


Message History

You have reached level 9!
Your experience leads to an increase in your attributes!
Increase (S)trength, (I)ntelligence, or (D)exterity?
You feel agile.
Your attunement to dungeon structure grows.
You have reached level 10!
You have reached level 11!
You have reached level 12!
Your experience leads to an increase in your attributes!
Increase (S)trength, (I)ntelligence, or (D)exterity?
You feel agile.
You feel clever.
You have reached level 13!
You hear a shout! x11
The meat berserker hits you with a +9 battleaxe!!!
Ouch! That really hurt!
* * * LOW HITPOINT WARNING * * *
You hear a shout! x3
The meat berserker hits you with a +9 battleaxe!!!
Ouch! That really hurt!
You die...

,, * ,..........o.
,, , ,, ...........
, , , , ...........
, ,,, , ..........,
, , * ,,, #.......#
, , * #.......#, , ,
, *,
...###.......###. ,
, .......O###......,
, , ,
#...o...@_o......,,,
, ,......#.O...#....
, *,* ** ,
......#_.<._# ,. , *
,*,..... #.....# ,,
#........_..... ,,
,, , , ,
.......o###...... ,
,,...###... ..###.
,,,,,,#.., ..# ,, ,
, #.. ,..# ,


You could see 2 meat berserkers and 3 bags of meat.

Vanquished Creatures
  An ogre (D)
1 creature vanquished.

Notes
Turn   | Place    | Note
-------+----------+-------------------------------------------
     0 | D        | Morrissey the Deep Dwarf Necromancer began the quest for the Orb.
     0 | D        | Reached XP level 1. HP: 15/15 MP: 3/3
     2 | D        | Noticed a bag of meat
     3 | D        | Noticed a bag of meat
     3 | D        | Learned a level 1 spell: Animate Skeleton
     5 | D        | Became a worshipper of Makhleb the Destroyer
     8 | D        | Noticed a meat berserker
     8 | D        | Noticed a meat berserker
     9 | D        | Noticed a bag of meat
     9 | D        | Noticed a meat berserker
     9 | D        | Noticed a bag of meat
    10 | D        | Killed a meat berserker
    10 | D        | Reached skill level 20 in Stealth
    10 | D        | Reached XP level 2. HP: 22/22 MP: 3/17
    10 | D        | Reached XP level 3. HP: 28/28 MP: 3/19
    10 | D        | Reached XP level 4. HP: 36/36 MP: 3/20
    10 | D        | Reached XP level 5. HP: 42/42 MP: 3/22
    10 | D        | Reached XP level 6. HP: 49/49 MP: 3/23
    10 | D        | Reached XP level 7. HP: 55/55 MP: 3/25
    10 | D        | Reached XP level 8. HP: 62/62 MP: 3/26
    10 | D        | Gained mutation: You passively map the area around you. [Deep Dwarf growth]
    10 | D        | Reached XP level 9. HP: 68/68 MP: 3/27
    10 | D        | Reached XP level 10. HP: 75/75 MP: 3/28
    10 | D        | Reached XP level 11. HP: 81/81 MP: 3/29
    10 | D        | Reached XP level 12. HP: 88/88 MP: 3/30
    10 | D        | Reached XP level 13. HP: 94/94 MP: 3/31
    10 | D        | Annihilated by a meat berserker

Skill      XL: |  1 |
---------------+----+-----
Dodging        | 18 | 18.1
Stealth        | 20 | 20.8
Spellcasting   | 14 | 14.5
Necromancy     | 18 | 18.3

Action                   |  1- 3 |  4- 6 |  7- 9 | 10-12 | 13-15 || total
-------------------------+-------+-------+-------+-------+-------++-------
Melee: Executioner's axe |     1 |       |       |       |       ||     1
